 Dungeon Crawl Stone Soup version 0.20.0-10-g0535bb4 (webtiles) character file.

665 skyfox997 the Chopper (level 7, -1/57 HPs)
             Began as a Black Draconian Berserker on June 5, 2017.
             Was a Priest of Trog.
             Slain by Prince Ribbit (8 damage)
             ... on level 5 of the Dungeon.
             The game lasted 00:31:51 (3990 turns).

skyfox997 the Chopper (Black Draconian Berserker)   Turns: 3990, Time: 00:31:52

Health: -1/57      AC: 10    Str: 20    XL:     7   Next: 31%
Magic:  7/7        EV: 10    Int:  7    God:    Trog [***...]
Gold:   266        SH:  9    Dex: 12    Spells: 6/6 levels left

rFire    . . .     SeeInvis .   w - +0 war axe
rCold    . . .     Gourm    .   o - +0 shield (curse)
rNeg     . . .     Faith    .   (armour unavailable)
rPois    .         Spirit   .   (helmet restricted)
rElec    +         Reflect  .   (no cloak)
rCorr    .         Harm     .   (no gloves)
MR       ++...                  (no boots)
Stlth    +.........             (no amulet)
Regen    1.2/turn               l - +4 ring of protection
MPRegen  0.1/turn               (no ring)

@: regenerating
A: breathe lightning, unfitting armour, electricity resistance, cold-blooded, AC
+6
a: Breathe Lightning, Berserk, Trog's Hand, Burn Spellbooks, Renounce Religion


You were on level 5 of the Dungeon.
You worshipped Trog.
Trog was most pleased with you.
You were not hungry.

You visited 1 branch of the dungeon, and saw 5 of its levels.

You collected 266 gold pieces.

Inventory:

Hand Weapons
 a - a +0 hand axe
 p - a +0 whip
 r - a +0 hand axe
 s - a +0 falchion
 u - a +0 glaive
 w - a +0 war axe (weapon)
 B - a cursed -1 trident
Armour
 j - a +2 ring mail of poison resistance
 o - a cursed +0 shield (worn)
Jewellery
 l - a +4 ring of protection (left hand)
Scrolls
 e - 6 scrolls of teleportation {unknown}
 f - a scroll of enchant armour {unknown}
 g - 2 scrolls of identify
 h - a scroll of immolation {unknown}
 k - 2 scrolls of recharging {unknown}
 m - a scroll of blinking {unknown}
 n - 2 scrolls of noise
 t - a scroll of amnesia {unknown}
 y - a scroll of remove curse {unknown}
 A - a scroll of fog {unknown}
Potions
 i - 2 potions of degeneration
 q - a potion of magic {unknown}
 z - 2 potions of curing {unknown}
Books
 x - a book of Callings

   Spells                             Type                      Level
   a - Summon Small Mammal            Summoning                    1
   b - Call Imp                       Summoning                    2
   c - Call Canine Familiar           Summoning                    3
   d - Summon Guardian Golem          Hexes/Summoning              3
   e - Summon Lightning Spire         Summoning/Air                4
   f - Summon Ice Beast               Ice/Summoning                4
   Trog disapproves of the use of such an item.
Comestibles
 b - 3 bread rations
 c - 3 meat rations
 d - a fruit


   Skills:
 - Level 3.4 Fighting
 * Level 7.6 Axes
 - Level 3.0 Dodging
 + Level 3.1 Shields


You had 6 spell levels left.
You didn't know any spells.

Dungeon Overview and Level Annotations

Branches:
Dungeon (5/15)
 Temple: D:4-7

Altars:
Ashenzari
Okawaru
Qazlal
Sif Muna
Yredelemnul
The Shining One

Annotations:
D:5 Prince Ribbit


Innate Abilities, Weirdness & Mutations

You can breathe wild blasts of lightning.
Your glossy black scales are hard. (AC +6)
You cannot fit into any form of body armour.
You are resistant to electric shocks. (rElec)
You are cold-blooded and may be slowed by cold attacks.


Message History

Prince Ribbit is heavily wounded.
Prince Ribbit completely misses you.
Prince Ribbit lets out a mournful croak.
Prince Ribbit hits you.
You miss Prince Ribbit.
Prince Ribbit is heavily wounded.
Prince Ribbit hits you!
* * * LOW HITPOINT WARNING * * *
You closely miss Prince Ribbit.
Prince Ribbit is heavily wounded.
You block Prince Ribbit's attack. Prince Ribbit barely misses you.
You hit Prince Ribbit.
Prince Ribbit is heavily wounded.
Prince Ribbit hits you.
* * * LOW HITPOINT WARNING * * *
You block Prince Ribbit's attack.
Your skin crawls.
You feel resistant to hostile enchantments.
You feel somewhat more hungry. Prince Ribbit hits you!
You die...

.## #.. ..## #.#
#... ... #..# #.#
#..#######.#
#######..........#
#.....##...#.....#
##....##.#.###F#
#.....#(...#.# #@#
###...#.####.###.#
.##...#.# #.....#
.##.###.# #######
........#
.##.....#
.##.....#
.###.#..# .#
#.#..#


You could see Prince Ribbit.

Vanquished Creatures
  A necrophage (D:5)
  An ogre (D:5)
  The ghost of Reinor the Magician, an amateur SpEE (D:4)
  A bullfrog skeleton (D:4)
  A hound (D:4)
  Crazy Yiuf (D:2)
  2 orc priests (D:3)
  Natasha (thrice) (D:2)
  2 worker ants (D:4)
  A hound skeleton (D:4)
  A gnoll (D:1)
  A howler monkey skeleton (D:4)
  4 adders
  3 dart slugs
  3 leopard geckos
  13 orcs
  A ball python (D:3)
  2 bats
  5 giant cockroaches
  5 goblins
  4 hobgoblins
  9 jackals
  A quokka (D:4)
  6 frilled lizards
  7 kobolds
  7 rats
86 creatures vanquished.

Notes
Turn   | Place    | Note
-------+----------+-------------------------------------------
     0 | D:1      | skyfox997 the Draconian Berserker began the quest for the Orb.
     0 | D:1      | Reached XP level 1. HP: 19/19 MP: 1/1
   123 | D:1      | Reached XP level 2. HP: 23/26 MP: 2/2
   631 | D:1      | Reached XP level 3. HP: 19/31 MP: 3/3
   859 | D:2      | Reached skill level 4 in Axes
  1092 | D:2      | Noticed Natasha
  1107 | D:2      | Killed Natasha
  1107 | D:2      | Reached ** piety under Trog
  1107 | D:2      | Reached XP level 4. HP: 22/38 MP: 4/4
  1341 | D:2      | Reached skill level 1 in Shields
  1379 | D:2      | Found a runed door.
  1383 | D:2      | Noticed Crazy Yiuf
  1390 | D:2      | Killed Crazy Yiuf
  1476 | D:2      | Noticed Natasha
  1495 | D:2      | Killed Natasha
  1495 | D:2      | Reached skill level 5 in Axes
  1495 | D:2      | Reached XP level 5. HP: 4/45 MP: 5/5
  1772 | D:2      | Noticed Natasha
  1784 | D:2      | Killed Natasha
  1833 | D:3      | Found an iron altar of Okawaru.
  1942 | D:3      | Reached XP level 6. HP: 17/51 MP: 6/6
  1944 | D:3      | Reached *** piety under Trog
  2046 | D:3      | Reached skill level 6 in Axes
  2168 | D:3      | Found a deep blue altar of Sif Muna.
  2181 | D:3      | Found a stormy altar of Qazlal.
  2326 | D:3      | Found a basalt altar of Yredelemnul.
  2329 | D:3      | Noticed a profane servitor
  2338 | D:3      | Found a glowing golden altar of the Shining One.
  2340 | D:3      | Noticed an angel
  2583 | D:3      | Found a shattered altar of Ashenzari.
  2936 | D:4      | Noticed Reinor's ghost (amateur SpEE)
  2951 | D:4      | Killed Reinor's ghost
  3580 | D:4      | Reached skill level 7 in Axes
  3777 | D:5      | Entered Level 5 of the Dungeon
  3814 | D:5      | Your scales start taking on a glossy black colour.
  3814 | D:5      | Reached XP level 7. HP: 37/57 MP: 7/7
  3814 | D:5      | Gained mutation: You are resistant to electric shocks. (rElec) [Black Draconian growth]
  3935 | D:5      | Noticed Prince Ribbit
  3990 | D:5      | Slain by Prince Ribbit

Skill      XL: |  1  2  3  4  5  6 |
---------------+-------------------+-----
Dodging        | 3 |  3.0
Axes           | 4 5 7 |  7.6
Shields        | 1 2 3 |  3.1
Fighting       | |  3.4

Action                   |  1- 3 |  4- 6 |  7- 9 || total
-------------------------+-------+-------+-------++-------
Melee: Hand axe          |    97 |   140 |       ||   237
       Tailslap          |    10 |    26 |     4 ||    40
       War axe           |       |    60 |    31 ||    91
Invok: Berserk           |       |     1 |       ||     1
       Trog's Hand       |       |       |     1 ||     1
  Use: Scroll            |     1 |     3 |       ||     4
       Potion            |       |     1 |     1 ||     2
  Eat: Meat ration       |       |     1 |       ||     1
       Chunk             |       |     1 |       ||     1
       Bread ration      |       |     1 |       ||     1
       Fruit             |       |     1 |       ||     1
Armor: Skin              |    41 |    71 |     5 ||   117
Dodge: Dodged            |    90 |    76 |     8 ||   174
Block: Shield            |    28 |   103 |    22 ||   153
